 Dungeon Crawl Stone Soup version 0.17.1-3-g152610e (webtiles) character file.

81 Miyamura the Insei (level 4, -12/28 HPs)
             Began as an Octopode Transmuter on Feb 28, 2016.
             Mangled by an ogre
             ... wielding a +0 giant spiked club
              (22 damage)
             ... on level 3 of the Dungeon.
             The game lasted 00:07:59 (3140 turns).

Miyamura the Insei (Octopode Transmuter)            Turns: 3140, Time: 00:07:59

Health: -12/28     AC:  1    Str:  9    XL:     4   Next: 40%
Magic:  3/7        EV: 12    Int: 16    God:
Gold:   125        SH:  0    Dex: 12    Spells: 3 memorised, 2 levels left

rFire  . . .     SeeInvis .     q - +2 dagger (venom)
rCold  . . .     Clarity  +     (no shield)
rNeg   . . .     SustAt   .     (helmet restricted)
rPois  .         Gourm    .     d - amulet of clarity
rElec  .         Spirit   .     (no ring)
rCorr  .         Warding  .     (no ring)
rMut   .         Stasis   .     (no ring)
MR     .....                    (no ring)
Stlth  +++.......               (no ring)
                                (no ring)
                                (no ring)
                                (no ring)

@: not resistant to hostile enchantments, fairly stealthy
A: almost no armour, amphibious, 8 rings, constrict 8, camouflage 1, gelatinous
body 1
a: no special abilities


You were on level 3 of the Dungeon.
You were not hungry.

You visited 1 branch of the dungeon, and saw 3 of its levels.

You collected 125 gold pieces.

Inventory:

Hand Weapons
 q - a +2 dagger of venom (weapon)
Missiles
 a - 8 arrows
 e - 164 stones (quivered)
Jewellery
 d - an amulet of clarity (around mantle)
 r - an uncursed ring of flight {unknown}
Scrolls
 f - 3 scrolls of remove curse {unknown}
 h - a scroll of noise {unknown}
 j - a scroll of identify
 l - 2 scrolls of random uselessness
 o - a scroll of enchant weapon {unknown}
 u - a scroll of enchant armour {unknown}
Potions
 g - 3 potions of ambrosia {unknown}
 i - a potion of agility {unknown}
 k - 3 potions of lignification {unknown}
 m - a potion of heal wounds {unknown}
 n - a potion of curing {unknown}
 p - a potion of berserk rage {unknown}
 v - a potion of resistance {unknown}
Books
 b - a book of Changes

   Spells                             Type                      Level
   a - Beastly Appendage              Transmutation                1
   b - Sticks to Snakes               Transmutation                2
   c - Spider Form                    Transmutation/Poison         3
   d - Ice Form                       Ice/Transmutation            4
   e - Blade Hands                    Transmutation                5
Comestibles
 c - 3 bread rations
 s - a beef jerky
 t - a chunk of flesh


   Skills:
 + Level 1.6 Fighting
 + Level 2.4 Dodging
 + Level 1.9 Stealth
 + Level 3.5 Unarmed Combat
 + Level 2.5 Spellcasting
 + Level 2.6 Transmutations


You had 2 spell levels left.
You knew the following spells:

 Your Spells              Type           Power        Failure   Level  Hunger
a - Beastly Appendage     Trmt           ##....       10%         1    #......
f - Spider Form           Trmt/Pois      #.........   38%         3    ###....
s - Sticks to Snakes      Trmt           ##........   12%         2    ##.....


Dungeon Overview and Level Annotations

Branches:
Dungeon (3/15)

Altars:


Innate Abilities, Weirdness & Mutations

You cannot wear most types of armour.
You are amphibious.
You can wear up to eight rings at the same time.
You can use your tentacles to constrict eight enemies at once.
Your skin changes colour to match your surroundings (Stealth).
Your rubbery body absorbs attacks (AC +1).


Message History

Your +2 dagger of venom unmelds from your body.
It begins to drip with poison!
The bat hits you but does no damage.
The ogre looks more healthy.
The bat closely misses you. The bat hits you.
Read which item? (? for menu, Esc to quit)
Okay, then.
The bat misses you. The bat hits you but does no damage.
The bat barely misses you.
Your magical contamination has completely faded away.
Read which item? (? for menu, Esc to quit)
As you read the scroll labeled TEZ QUIHUYDGH, it crumbles to dust.
It is a scroll of identify.
Identify which item? (\ to view known items) (? for menu, Esc to quit)
l - 2 scrolls of random uselessness The bat closely misses you.
The ogre hits you with a giant spiked club!!
Ouch! That really hurt!
You die...

#.###.#.## ##.####.# ......#.#
### #.# #######.# #.# ##'##
##.##### # ##...## #......###.
##.....## ###..###.##.# #
##.......## ##.#......##.# ..
###.........####..b..###.##.##...
..'.........+...@................
###.........####.O..#.##.##.##...
##.......## ##.#......##.#..
##.....## ###......##.#.# ##...##
###.#####.#.# ##'## #.# ##.#.###
#.# ##.# #....... #.# #..#
#.##.##. ##.######### #.##
#.##.##.


You could see an ogre and a bat.

Vanquished Creatures
  2 adders
  A worm (D:2)
  9 bats
  5 giant cockroaches
  9 goblins
  6 hobgoblins
  4 jackals
  9 kobolds
  3 giant newts
  11 rats
59 creatures vanquished.

Notes
Turn   | Place    | Note
--------------------------------------------------------------
     0 | D:1      | Miyamura the Octopode Transmuter began the quest for the Orb.
     0 | D:1      | Reached XP level 1. HP: 13/13 MP: 3/3
   242 | D:1      | Reached XP level 2. HP: 13/18 MP: 1/5
   452 | D:1      | Reached skill level 1 in Stealth
   620 | D:1      | Learned a level 2 spell: Sticks to Snakes
   896 | D:1      | Reached XP level 3. HP: 23/23 MP: 3/6
  1010 | D:1      | Learned a level 3 spell: Spider Form
  2165 | D:2      | Reached XP level 4. HP: 14/28 MP: 7/7
  3118 | D:3      | Noticed an ogre
  3140 | D:3      | Mangled by an ogre

Action                   |  1- 3 |  4- 6 || total
-------------------------+-------+-------++-------
Melee: Unarmed           |   103 |     1 ||   104
       Dagger            |     5 |    20 ||    25
 Cast: Beastly Appendage |    23 |     3 ||    26
       Sticks to Snakes  |     4 |       ||     4
       Spider Form       |       |     1 ||     1
  Use: Scroll            |       |     1 ||     1
 Stab: Sleeping          |     5 |     5 ||    10
       Distracted        |       |     1 ||     1
  Eat: Chunk             |     4 |     4 ||     8
